AoeStats
← El Fantasma de Pancho Villa

Arena

509744701Analyzed
4v4 RM · 3d ago on Sep 27, 2026· 57m 17s· 8 players
Game mode
Random Map
Map size
Large (8 player)
Population
200
Speed
Normal
Resources
Standard
Victory
Conquest
Starting age
Dark Age
Ending age
Imperial Age
RankedLock teamsTeams togetherTeam positionsShared explorationLock speedFull tech treeHidden civsTurbo modeCheats
Victory
Defeat
🇨🇳 Slavs · China
1190
+18
🇨🇱 Saxons · Chile
1139
+20
🇵🇪 Lithuanians · Peru
1139
+20
🇲🇽 Koreans · Mexico
1077
+21
🇲🇽 Persians · Mexico
1289
-22
🇨🇳 Bohemians · China
1213
-20
🇨🇳 Franks · China
1197
-19
🇺🇸 Cumans · United States
1175
-18
savage!
9:28 Feudal Age
10:04 Double-Bit Axe
9:48 Man-at-Arms
11:17 Arson
14:49 Horse Collar
17:29 Wheelbarrow
17:05 Scale Mail Armor
20:53 Loom
25:24 Gold Mining
30:53 Castle Age
38:31 Castle Age
42:49 Heavy Plow
47:49 Caravan
49:12 Bow Saw
51:43 Gold Shaft Mining
54:10 Imperial Age
51:57 Hand Cart
52:22 Thumb Ring
52:10 Fletching
52:21 Padded Archer Armor
53:00 Bodkin Arrow
53:28 Ballistics
53:30 Bloodlines
53:20 Husbandry
54:46 Leather Archer Armor
55:06 Husbandry
55:14 Bracer
54:44 Capped Ram
56:41 Chemistry
aaaaaaa
12:43 Feudal Age
14:15 Double-Bit Axe
17:06 Castle Age
15:41 Double-Bit Axe
19:57 Loom
21:19 Wheelbarrow
22:42 Fletching
25:39 Bodkin Arrow
28:00 Fortified Wall
28:01 Masonry
35:02 Imperial Age
33:18 Hand Cart
33:01 Horse Collar
33:43 Bow Saw
33:58 Forging
33:49 Scale Mail Armor
33:54 Squires
33:15 Pikeman
35:57 Chain Mail Armor
36:18 Iron Casting
35:35 Elite Fire Lancer
36:20 Halberdier
38:36 Plate Mail Armor
41:52 Conscription
45:38 Ballistics
46:18 Chemistry
46:03 Bracer
47:40 Two-Man Saw
46:15 Elite Skirmisher
47:01 Thumb Ring
MACS-X
11:40 Feudal Age
16:10 Castle Age
14:29 Double-Bit Axe
14:28 Horse Collar
17:44 Wheelbarrow
21:19 Fervor
22:00 Scale Barding Armor
23:54 Loom
26:14 Heavy Plow
26:34 Bow Saw
28:09 Chain Barding Armor
29:50 Forging
32:22 Imperial Age
30:24 Bloodlines
30:15 Husbandry
32:25 Iron Casting
33:10 Cavalier
34:32 Plate Barding Armor
34:38 Conscription
38:21 Paladin
40:50 Squires
40:31 Pikeman
41:15 Scale Mail Armor
41:06 Halberdier
43:18 Chain Mail Armor
44:05 Tower Shields
45:26 Fletching
47:13 Chemistry
46:18 Arson
49:49 Bodkin Arrow
50:19 Ballistics
51:33 Bracer
52:58 Hoardings
54:50 Light Cavalry
56:03 Man-at-Arms
老徐
10:15 Feudal Age
11:16 Double-Bit Axe
14:36 Castle Age
13:05 Horse Collar
15:25 Loom
15:54 Heavy Plow
19:41 Bow Saw
21:22 Wheelbarrow
22:58 Stone Mining
22:58 Gold Mining
22:59 Stone Mining
24:17 Scale Mail Armor
24:36 Forging
24:32 Scale Barding Armor
25:09 Gold Shaft Mining
25:25 Hand Cart
25:05 Pikeman
25:45 Squires
26:02 Chain Mail Armor
29:13 Imperial Age
28:25 Bloodlines
28:15 Husbandry
28:26 Bloodlines
28:52 Iron Casting
28:30 Masonry
28:41 Ballistics
28:34 Fortified Wall
28:21 Murder Holes
30:14 Conscription
29:55 Druzhina
30:29 Plate Mail Armor
31:00 Blast Furnace
29:26 Capped Ram
31:19 Two-Man Saw
30:55 Crop Rotation
31:30 Halberdier
31:43 Siege Ram
32:35 Detinets
33:46 Blast Furnace
34:29 Siege Engineers
35:42 Fletching
36:12 Chain Barding Armor
39:31 Elite Boyar
40:50 Plate Barding Armor
40:10 Bodkin Arrow
44:23 Chemistry
43:25 Padded Archer Armor
44:03 Onager
44:09 Heavy Scorpion
55:43 Caravan
Boywars
10:52 Feudal Age
12:00 Loom
15:13 Castle Age
13:42 Double-Bit Axe
14:25 Horse Collar
16:48 Husbandry
23:55 Bloodlines
25:41 Scale Barding Armor
28:38 Stone Mining
33:06 Imperial Age
32:14 Chain Barding Armor
32:05 Forging
33:46 Gold Mining
33:44 Heavy Camel Rider
35:24 Conscription
35:11 Heavy Plow
36:17 Plate Barding Armor
36:18 Iron Casting
36:39 Gold Shaft Mining
38:19 Wheelbarrow
43:00 Crossbowman
43:43 Kamandaran
47:31 Fletching
48:42 Blast Furnace
49:42 Thumb Ring
50:46 Bodkin Arrow
50:51 Padded Archer Armor
58:05 Chemistry
El Fantasma de Pancho Villa
13:41 Feudal Age
14:05 Man-at-Arms
15:08 Scale Mail Armor
18:21 Forging
18:08 Gold Mining
18:35 Fletching
19:59 Double-Bit Axe
21:46 Padded Archer Armor
32:12 Wheelbarrow
35:17 Castle Age
35:01 Horse Collar
35:20 Capped Ram
36:22 Chain Mail Armor
35:53 Pikeman
diudiudiu丶
11:10 Feudal Age
9:26 Loom
15:14 Castle Age
13:37 Double-Bit Axe
15:04 Wheelbarrow
16:11 Bow Saw
23:12 Hand Cart
25:31 Gold Mining
28:32 Imperial Age
26:45 Husbandry
26:51 Scale Barding Armor
27:31 Gold Shaft Mining
27:25 Forging
29:14 Chain Barding Armor
29:30 Iron Casting
28:33 Cavalier
33:08 Conscription
33:16 Paladin
36:56 Plate Barding Armor
37:21 Blast Furnace
36:27 Crossbowman
36:59 Fletching
37:10 Padded Archer Armor
37:43 Town Watch
39:26 Ballistics
40:06 Chemistry
38:53 Treadmill Crane
40:44 Bodkin Arrow
41:05 Leather Archer Armor
41:44 Scale Mail Armor
41:45 Squires
41:31 Gambesons
41:32 Arson
42:46 Fortified Wall
47:54 Light Cavalry
50:23 Town Patrol
52:46 Capped Ram
54:30 Pikeman
55:27 Chain Mail Armor
师太爱失态
10:50 Feudal Age
14:51 Castle Age
13:32 Double-Bit Axe
13:54 Horse Collar
15:59 Heavy Plow
24:20 Bow Saw
28:37 Imperial Age
26:44 Wheelbarrow
28:02 Chemistry
28:05 Fervor
27:34 Pikeman
28:14 Squires
28:10 Fletching
28:20 Padded Archer Armor
28:17 Elite Skirmisher
29:12 Fortified Wall
30:45 Two-Man Saw
30:21 Conscription
30:38 Houfnice
31:55 Hand Cart
31:28 Loom
31:30 Town Watch
34:21 Ballistics
34:07 Siege Engineers
33:59 Bodkin Arrow
34:19 Leather Archer Armor
34:36 Elite Hussite Wagon
38:17 Town Patrol
38:39 Masonry
40:00 Bracer
40:30 Ring Archer Armor
40:42 Man-at-Arms
42:19 Long Swordsman
43:42 Architecture
43:09 Two-Handed Swordsman
44:18 Forging
44:08 Scale Mail Armor
45:38 Iron Casting
44:49 Champion
46:41 Chain Mail Armor
48:02 Blast Furnace
47:33 Ring Archer Armor
50:08 Plate Mail Armor
Connection lost

Rejoining the realm…

Still unreachable

The connection could not be restored.

Session expired

The server has moved on; the page needs a fresh start.